 Dungeon Crawl Stone Soup version 0.31-a0-1589-g8f5e8aebd6 (webtiles) character file.

Game seed: 2965790801914686052

10072 Rennog the Grappler (level 11, -23/84 HPs)
             Began as a Gnoll Shapeshifter on Jan 5, 2024.
             Was an Elder of Nemelex Xobeh.
             Annihilated by a very large slime creature (33 damage)
             ... on level 11 of the Dungeon.
             The game lasted 00:17:43 (10736 turns).

Rennog the Grappler (Gnoll Shapeshifter)           Turns: 10736, Time: 00:17:43

Health: -23/84     AC: 11    Str: 27    XL:     11   Next: 56%
Magic:  21/21      EV: 12    Int: 11    God:    Nemelex Xobeh [****..]
Gold:   393        SH:  5    Dex: 15    Spells: 23/23 levels left

rFire   . . .        o - +10 hand axe "Nilixzy" {drain, rC+ Str+3 Int+2 Dex+3}
rCold   + . .        (no shield)
rNeg    . . .        t - +0 chain mail
rPois   +            (no helmet)
rElec   .            L - +0 cloak
rCorr   .            (no gloves)
SInv    .            (no boots)
Will    .....        e - amulet of reflection
Stlth   +            R - +6 ring of strength
HPRegen 0.34/turn    J - ring of poison resistance
MPRegen 0.17/turn

%: reflection
@: elixired
A: fangs 1, strong nose, distributed training
a: Renounce Religion, Draw Escape, Draw Destruction, Draw Summoning, Triple
Draw, Deal Four


You were on level 11 of the Dungeon.
You worshipped Nemelex Xobeh.
Nemelex Xobeh was greatly pleased with you.
You visited 1 branch of the dungeon, and saw 11 of its levels.
You also visited: Ossuary.

You collected 393 gold pieces.

Inventory:

Hand Weapons
 j - a +0 long sword
 o - the +10 hand axe "Nilixzy" (weapon) {drain, rC+ Str+3 Int+2 Dex+3}
   (You found it on level 2 of the Dungeon)

   Str+3:     It affects your strength (+3).
   Int+2:     It affects your intelligence (+2).
   Dex+3:     It affects your dexterity (+3).
   rC+:       It protects you from cold.
Missiles
 i - 93 stones
 m - 6 atropa-tipped darts (quivered)
 p - 5 throwing nets
Armour
 a - a +0 animal skin
 t - a +0 chain mail (worn)
 E - a +0 scale mail
 L - a +0 cloak (worn)
Jewellery
 e - an amulet of reflection (around neck)
 u - an amulet of faith
 v - a ring of wizardry
 J - a ring of poison resistance (right hand)
 P - an amulet of the acrobat
 R - a +6 ring of strength (left hand)
Talismans
 c - a beast talisman
 d - a flux talisman
Wands
 h - a wand of flame (23)
 O - a wand of roots (6)
Scrolls
 f - 5 scrolls of teleportation
 k - 2 scrolls of poison
 l - 4 scrolls of revelation
 q - 3 scrolls of fog
 r - 2 scrolls of blinking
 y - 3 scrolls of enchant armour
 C - a scroll of vulnerability
 D - a scroll of silence
 F - 3 scrolls of fear
 M - a scroll of enchant weapon
Potions
 b - 2 potions of lignification
 g - 4 potions of brilliance {unknown}
 n - 9 potions of curing
 s - 2 potions of might {unknown}
 w - a potion of heal wounds {unknown}
 x - 3 potions of resistance {unknown}
 z - a potion of enlightenment {unknown}
 A - 2 potions of cancellation {unknown}
 B - a potion of attraction {unknown}
 G - 2 potions of invisibility {unknown}
 H - a potion of haste {unknown}
 I - a potion of ambrosia {unknown}
 K - a potion of mutation {unknown}
 Q - 3 potions of experience {unknown}


   Skills:
 + Level 7.2 Fighting
 + Level 6.6 Short Blades
 + Level 6.6 Long Blades
 + Level 6.6 Axes
 + Level 6.6 Maces & Flails
 + Level 6.6 Polearms
 + Level 6.6 Staves
 + Level 6.6 Ranged Weapons
 + Level 6.6 Throwing
 + Level 6.6 Armour
 + Level 8.1 Dodging
 + Level 6.6 Stealth
 + Level 6.6 Shields
 + Level 9.4 Unarmed Combat
 + Level 6.6 Spellcasting
 + Level 5.5 Conjurations
 + Level 5.5 Hexes
 + Level 5.5 Summonings
 + Level 5.5 Necromancy
 + Level 5.5 Translocations
 + Level 5.5 Fire Magic
 + Level 5.5 Ice Magic
 + Level 5.5 Air Magic
 + Level 5.5 Earth Magic
 + Level 5.5 Alchemy
 + Level 7.3 Invocations
 + Level 6.6 Evocations
 + Level 9.0 Shapeshifting


You had 23 spell levels left.
You didn't know any spells.
Your spell library contained the following spells:

 Spells                   Type           Power      Damage    Failure   Level
 Call Imp                 Summ           30%        N/A       12%         2
 Sublimation of Blood     Necr           15%        N/A       12%         2
 Ozocubu's Armour         Ice            15%        N/A       24%         3
 Stone Arrow              Conj/Erth      30%        3d8       24%         3
 Animate Armour           Summ/Erth      30%        N/A       61%         4
 Metabolic Englaciation   Hex/Ice        7%         N/A       91%         5
 Sculpt Simulacrum        Ice/Alch       7%         N/A       100%        6
 Summon Hydra             Summ           7%         N/A       100%        7
 Lehudib's Crystal Spear  Conj/Erth      7%         10d3      100%        8
 Chain Lightning          Conj/Air       7%         3d10      100%        9
 Fire Storm               Conj/Fire      7%         8d2       100%        9
 Shatter                  Erth           7%         3d10*     100%        9


Dungeon Overview and Level Annotations

Branches:
Dungeon (11/15)            Temple (0/1) D:4            Lair (0/5) D:9
    Orc (0/2) D:10        Ossuary (visited)

Altars:
Dithmenos
Fedhas
Gozag
Nemelex Xobeh
Uskayaw
Vehumet
Wu Jian
Yredelemnul
Zin

Portals:
Trove: D:10 (give 16 scrolls of teleportation)

Annotations:
D:3 Sigmund


Innate Abilities, Weirdness & Mutations

You have very sharp teeth.
Your uncanny sense of smell can sniff out nearby items.
Your experience applies equally to all skills.


Message History

The troll barely misses you. The troll claws you.
A very large slime creature splits.
The troll attacks as it pursues you! You block the troll's attack.
The troll closely misses you. The troll claws you but does no damage.
The large slime creature seems less drained.
The slime creature seems less drained.
You slash the troll! You drain the troll.
The troll is heavily wounded.
The troll barely misses you. You block the troll's attack.
The troll claws you but does no damage.
You hit the troll. You drain the troll.
The troll is severely wounded.
You hit the large slime creature.
The large slime creature is lightly wounded.
You slash the large slime creature! You drain the large slime creature.
The large slime creature is moderately wounded.
The large slime creature hits you but does no damage.
You hit the large slime creature. You drain the large slime creature.
The large slime creature is moderately wounded.
You block the large slime creature's attack.
You slash the large slime creature!
The large slime creature is heavily wounded.
The large slime creature completely misses you.
You slash the large slime creature!
The large slime creature is heavily wounded.
The large slime creature hits you!!
You slash the large slime creature!
The large slime creature is severely wounded.
Two slime creatures merge to form a very large slime creature.
The very large slime creature attacks as it pursues you!
The very large slime creature hits you!!!
* * * LOW HITPOINT WARNING * * *
The very large slime creature attacks as it pursues you!
The very large slime creature hits you!
* * * LOW HITPOINT WARNING * * *
You draw a card...
You have drawn the Elixir.
You begin rapidly regenerating health and magic.
The very large slime creature hits you!!
You die...
Your body glows slightly and disappears.

#.# #.# #.# ### #.# ..#
#.# #.# #.#### #.#
#....####.
#.#######.#######........
#....<.@#..T.........###
#.#######J####.##.#.#.#
#...........#.#
######.##.#.#.#
#.##.#.#.# #.##.#.#.#
<.##.#.#.# #.#....#.#
#..... ..#


You could see a very large slime creature (drained).

Vanquished Creatures
  A boulder beetle (D:9)
  A cyclops (D:9)
  An elephant (D:9)
  A kobold demonologist (D:10)
  2 komodo dragons
  A troll (D:10)
  A troll (shapeshifter) (D:9)
  A hornet (D:8)
  3 slime creatures (D:11)
  12 yaks
  A wyvern (D:10)
  A wraith (D:9)
  A steam dragon (D:9)
  2 basilisks (D:9)
  3 vampire mosquitoes (D:10)
  3 water moccasins
  2 orc warriors
  A black bear (D:7)
  A sky beast (D:8)
  A crocodile (D:9)
  3 phantoms
  2 wolves (D:8)
  A centaur (D:10)
  4 kobold brigands
  3 bullfrogs
  2 gnoll sergeants (D:7)
  8 scorpions
  7 howler monkeys
  3 bombardier beetles
  7 crimson imps (D:6)
  4 human zombies (Ossuary)
  A jelly (D:7)
  6 orc priests
  3 hounds
  Crazy Yiuf (D:7)
  2 sleepcaps
  Jessica (D:3)
  3 iguanas
  4 scorpion zombies (Ossuary)
  Terence (D:3)
  6 orc wizards
  3 mummies (Ossuary)
  14 gnolls
  4 adders
  A shadow imp (D:8)
  3 white imps (D:6)
  3 adder zombies (Ossuary)
  A ribbon worm (D:5)
  A dart slug (D:1)
  54 orcs
  3 bats
  8 endoplasms
  5 giant cockroaches
  7 goblins
  12 hobgoblins
  3 jackals
  12 kobolds
  7 quokkas
  8 ball pythons
  A ball python zombie (Ossuary)
  5 frilled lizards
  2 gnoll zombies (Ossuary)
  A jackal zombie (Ossuary)
  3 orc zombies (Ossuary)
  5 rats
  A butterfly (D:4)
279 creatures vanquished.

Notes
Turn   | Place    | Note
-------+----------+-------------------------------------------
     0 | D:1      | Rennog the Gnoll Shapeshifter began the quest for the Orb.
     0 | D:1      | Reached XP level 1. HP: 17/17 MP: 1/1
   127 | D:1      | Reached XP level 2. HP: 23/23 MP: 2/2
  1004 | D:2      | Reached XP level 3. HP: 28/28 MP: 3/3
  1072 | D:2      | Reached skill level 1 in Invocations
  1155 | D:2      | Reached skill level 1 in Short Blades
  1155 | D:2      | Reached skill level 1 in Long Blades
  1155 | D:2      | Reached skill level 1 in Axes
  1155 | D:2      | Reached skill level 1 in Maces & Flails
  1155 | D:2      | Reached skill level 1 in Polearms
  1155 | D:2      | Reached skill level 1 in Staves
  1155 | D:2      | Reached skill level 1 in Ranged Weapons
  1155 | D:2      | Reached skill level 1 in Throwing
  1155 | D:2      | Reached skill level 1 in Armour
  1155 | D:2      | Reached skill level 1 in Stealth
  1155 | D:2      | Reached skill level 1 in Shields
  1155 | D:2      | Reached skill level 1 in Spellcasting
  1155 | D:2      | Reached skill level 1 in Evocations
  1538 | D:2      | Identified the +10 hand axe "Nilixzy" {drain, rC+ Str+3
                  | Int+2 Dex+3}
  1620 | D:2      | Reached XP level 4. HP: 34/34 MP: 5/5
  1635 | D:2      | Found a faded altar of an unknown god.
  1644 | D:2      | Prayed at the altar of an unknown god.
  1644 | D:2      | Became a worshipper of Nemelex Xobeh the Trickster
  1644 | D:2      | Reached * piety under Nemelex Xobeh
  1644 | D:2      | Received a gift from Nemelex Xobeh
  1716 | D:3      | Noticed Jessica
  1719 | D:3      | Killed Jessica
  1720 | D:3      | Reached skill level 1 in Conjurations
  1720 | D:3      | Reached skill level 1 in Hexes
  1720 | D:3      | Reached skill level 1 in Summonings
  1720 | D:3      | Reached skill level 1 in Necromancy
  1720 | D:3      | Reached skill level 1 in Translocations
  1720 | D:3      | Reached skill level 1 in Fire Magic
  1720 | D:3      | Reached skill level 1 in Ice Magic
  1720 | D:3      | Reached skill level 1 in Air Magic
  1720 | D:3      | Reached skill level 1 in Earth Magic
  1720 | D:3      | Reached skill level 1 in Alchemy
  1923 | D:3      | Noticed Terence
  1931 | D:3      | Killed Terence
  1932 | D:3      | Reached XP level 5. HP: 32/41 MP: 7/7
  2010 | D:3      | Noticed Sigmund
  2093 | D:4      | Found a glowing silver altar of Zin.
  2093 | D:4      | Found an opulent altar of Gozag.
  2115 | D:4      | Noticed a phantom
  2123 | D:4      | Killed a phantom
  2124 | D:4      | Reached XP level 6. HP: 31/47 MP: 8/8
  2158 | D:4      | Found a sand-covered staircase.
  2180 | D:4      | Reached skill level 5 in Dodging
  2194 | Ossuary  | Entered an ossuary
  2358 | Ossuary  | Reached XP level 7. HP: 44/52 MP: 10/10
  2741 | D:4      | Found a staircase to the Ecumenical Temple.
  2779 | D:4      | Found a shadowy altar of Dithmenos.
  2782 | D:4      | Found a radiant altar of Vehumet.
  2786 | D:4      | Found a blossoming altar of Fedhas.
  2791 | D:4      | Found a hide-covered altar of Uskayaw.
  2792 | D:4      | Found a basalt altar of Yredelemnul.
  2930 | D:4      | Reached XP level 8. HP: 59/60 MP: 12/12
  3665 | D:5      | Entered Level 5 of the Dungeon
  3943 | D:5      | Reached ** piety under Nemelex Xobeh
  4821 | D:6      | Reached XP level 9. HP: 63/66 MP: 14/14
  5113 | D:6      | You fall into a shaft and drop 1 floor!
  5235 | D:7      | Received a gift from Nemelex Xobeh
  5244 | D:7      | Reached skill level 5 in Fighting
  5280 | D:8      | Noticed a hornet
  5314 | D:7      | Reached *** piety under Nemelex Xobeh
  5818 | D:7      | Received a gift from Nemelex Xobeh
  6331 | D:7      | Reached skill level 5 in Invocations
  6495 | D:7      | Found a runed translucent door.
  6496 | D:7      | Noticed Crazy Yiuf
  6746 | D:7      | Killed Crazy Yiuf
  6926 | D:8      | Reached **** piety under Nemelex Xobeh
  6951 | D:8      | Found an ornate altar of the Wu Jian Council.
  7057 | D:8      | Received a gift from Nemelex Xobeh
  7258 | D:8      | Killed a hornet
  7469 | D:9      | Received a gift from Nemelex Xobeh
  7484 | D:9      | Reached skill level 5 in Short Blades
  7484 | D:9      | Reached skill level 5 in Long Blades
  7484 | D:9      | Reached skill level 5 in Axes
  7484 | D:9      | Reached skill level 5 in Maces & Flails
  7484 | D:9      | Reached skill level 5 in Polearms
  7484 | D:9      | Reached skill level 5 in Staves
  7484 | D:9      | Reached skill level 5 in Ranged Weapons
  7484 | D:9      | Reached skill level 5 in Throwing
  7484 | D:9      | Reached skill level 5 in Armour
  7484 | D:9      | Reached skill level 5 in Stealth
  7484 | D:9      | Reached skill level 5 in Shields
  7484 | D:9      | Reached skill level 5 in Spellcasting
  7484 | D:9      | Reached skill level 5 in Evocations
  7484 | D:9      | Reached XP level 10. HP: 46/76 MP: 17/17
  7595 | D:9      | Noticed an elephant
  7627 | D:10     | Entered Level 10 of the Dungeon
  7686 | D:10     | Noticed a kobold demonologist
  7701 | D:10     | Noticed a soul eater
  7703 | D:10     | Killed a kobold demonologist
  8310 | D:10     | Found a staircase to the Orcish Mines.
  8565 | D:10     | Noticed a two-headed ogre
  8655 | D:9      | Reached skill level 5 in Conjurations
  8655 | D:9      | Reached skill level 5 in Hexes
  8655 | D:9      | Reached skill level 5 in Summonings
  8655 | D:9      | Reached skill level 5 in Necromancy
  8655 | D:9      | Reached skill level 5 in Translocations
  8655 | D:9      | Reached skill level 5 in Fire Magic
  8655 | D:9      | Reached skill level 5 in Ice Magic
  8655 | D:9      | Reached skill level 5 in Air Magic
  8655 | D:9      | Reached skill level 5 in Earth Magic
  8655 | D:9      | Reached skill level 5 in Alchemy
  8658 | D:9      | Reached XP level 11. HP: 19/83 MP: 20/20
  9171 | D:9      | Found a staircase to the Lair.
  9230 | D:9      | Received a gift from Nemelex Xobeh
  9787 | D:9      | Noticed a boulder beetle
 10003 | D:9      | Killed a boulder beetle
 10060 | D:9      | Noticed a cyclops
 10068 | D:9      | Killed a cyclops
 10423 | D:10     | Found a portal to a secret trove of treasure.
 10735 | D:11     | HP: 1/84 [very large slime creature (17)]
 10736 | D:11     | Annihilated by a very large slime creature

Illustrated notes

Levels and vault maps discovered:
D:1:      dpeg_arrival_arbitrary_b, layout_loops_corners, minmay_liquid_box
D:2:      layout_loops_ring, dreamdust_ecumenical_altar_hidden_monk_grotto
D:3:      layout_basic, uniq_jessica, uniq_sigmund, uniq_terence
D:4:      layout_cave_pools, grunt_temple_overflow_gold_and_silver, minitemple,
          minmay_temple_entry_butterflies, enter_ossuary_1,
          eino_small_chamber_without_monster
D:5:      layout_basic, nicolae_figureground_pulse
D:6:      layout_basic, minmay_nine_imps
D:7:      layout_basic, uniq_crazy_yiuf_cottage
D:8:      layout_rooms, lemuel_crystal_altar, kennysheep_big_empty_room
D:9:      layout_irregular_city, david_lair_generic, kennysheep_cluttered_room,
          minmay_diamond_spiral
D:10:     layout_roguey, hiddenorc2_lemuel, trove_entry_hex_spiral
D:11:     layout_loops_ring

Skill      XL: |  1  2  3  4  5  6  7  8  9 10 11 |
---------------+----------------------------------+-----
Invocations    | 1 2 3 4 5 6 7 |  7.3
Short Blades   | 1 2 3 5 6 |  6.6
Long Blades    | 1 2 3 5 6 |  6.6
Axes           | 1 2 3 5 6 |  6.6
Maces & Flails | 1 2 3 5 6 |  6.6
Polearms       | 1 2 3 5 6 |  6.6
Staves         | 1 2 3 5 6 |  6.6
Ranged Weapons | 1 2 3 5 6 |  6.6
Throwing       | 1 2 3 5 6 |  6.6
Armour         | 1 2 3 5 6 |  6.6
Stealth        | 1 2 3 5 6 |  6.6
Shields        | 1 2 3 5 6 |  6.6
Spellcasting   | 1 2 3 5 6 |  6.6
Evocations     | 1 2 3 5 6 |  6.6
Conjurations   | 1 2 3 4 5 |  5.5
Hexes          | 1 2 3 4 5 |  5.5
Summonings     | 1 2 3 4 5 |  5.5
Necromancy     | 1 2 3 4 5 |  5.5
Translocations | 1 2 3 4 5 |  5.5
Fire Magic     | 1 2 3 4 5 |  5.5
Ice Magic      | 1 2 3 4 5 |  5.5
Air Magic      | 1 2 3 4 5 |  5.5
Earth Magic    | 1 2 3 4 5 |  5.5
Alchemy        | 1 2 3 4 5 |  5.5
Fighting       | 3 4 5 6 7 |  7.2
Dodging        | 5 6 7 8 |  8.1
Unarmed Combat | 7 8 9 |  9.4
Shapeshifting  | 7 8 9 |  9.0

Action                     |  1- 3 |  4- 6 |  7- 9 | 10-12 || total
---------------------------+-------+-------+-------+-------++-------
  Melee: Unarmed           |    30 |       |       |       ||    30
         Bite              |     5 |     4 |    23 |    37 ||    69
         Long sword        |    37 |       |       |       ||    37
         Hand axe          |     2 |    71 |   269 |   284 ||   626
         Punch             |       |     2 |    14 |    14 ||    30
  Throw: Stone             |     8 |       |       |       ||     8
         Dart              |       |       |     2 |       ||     2
 Invoke: Draw Escape       |       |       |     1 |     1 ||     2
         Draw Destruction  |       |       |       |     2 ||     2
    Use: Scroll            |       |       |     9 |     3 ||    12
   Stab: Sleeping          |     3 |     2 |     6 |       ||    11
 Armour: Animal skin       |    18 |    39 |    22 |       ||    79
         Chain mail        |       |       |   126 |   197 ||   323
  Dodge: Dodged            |    42 |    37 |   116 |   149 ||   344
  Block: Other             |    11 |    15 |    47 |    52 ||   125
         Reflection        |     1 |     1 |       |     2 ||     4
   Form: Beast             |       |       |     1 |       ||     1
                           |       |       |     1 |       ||     1

Table legend: (Time is in decaauts)
 A = Elapsed time spent in this place.
 B = Non-inter-level travel time spent in this place.
 C = Inter-level travel time spent in this place.
 D = Time resting spent in this place.
 E = Time spent auto-exploring this place.
 F = Levels seen in this place.
 G = Mean time per level.
                   A        B        C        D        E       F      G
               +--------+--------+--------+--------+--------+-----+--------+
         Total |  10806 |  10054 |    752 |    567 |   7422 |  12 |  900.5 |
       Dungeon |  10291 |   9539 |    752 |    567 |   7083 |  11 |  935.5 |
       Ossuary |    514 |    514 |      0 |      0 |    339 |   1 |  514.0 |
               +--------+--------+--------+--------+--------+-----+--------+

Top non-repeatable levels by time:
     D:7: 1812 daAuts
     D:9: 1445 daAuts
    D:10: 1371 daAuts
     D:1: 995 daAuts
     D:8: 946 daAuts
     D:5: 862 daAuts
     D:3: 806 daAuts
     D:2: 732 daAuts
     D:4: 653 daAuts
     D:6: 595 daAuts
 Ossuary: 514 daAuts
    D:11: 71 daAuts
